 Dungeon Crawl Stone Soup version 0.30-a0-881-g1ff12e1e11 (webtiles) character file.

Game seed: 10554816593541461587

317 FexLirch the Sneak (level 6, 0/56 HPs)
             Began as a Naga Delver on Mar 14, 2023.
             Slain by a centaur (2 damage)
             ... on level 5 of the Dungeon.
             The game lasted 00:04:39 (860 turns).

FexLirch the Sneak (Naga Delver)                     Turns: 860, Time: 00:04:40

Health: 0/56       AC:  3    Str: 16    XL:     6   Next: 44%
Magic:  6/6        EV:  9    Int: 11    God:
Gold:   62         SH:  0    Dex: 12    Spells: 5/5 levels left

rFire   . . .      SeeInvis +    a - +0 hand axe
rCold   . . .      Faith    .    (no shield)
rNeg    . . .      Spirit   .    b - +0 leather armour
rPois   +          Reflect  .    (no helmet)
rElec   .          Rampage  .    (no cloak)
rCorr   .                        (no gloves)
Will    .....                    (no barding)
Stlth   +++                      (no amulet)
HPRegen 0.29/turn                (no ring)
MPRegen 0.10/turn                (no ring)

@: very slow
A: AC +2, large, see invisible, deformed body, poison resistance, slowness 2,
spit poison 1, naga tail 1
a: Spit Poison


You were on level 5 of the Dungeon.
You visited 1 branch of the dungeon, and saw 2 of its levels.
You also visited: Ossuary.

You collected 62 gold pieces.

Inventory:

Hand Weapons
 a - a +0 hand axe (weapon)
Armour
 b - a +0 leather armour (worn)
Wands
 g - a wand of digging (3)
Scrolls
 c - a scroll of fog
 d - 2 scrolls of magic mapping
 j - 2 scrolls of brand weapon {unknown}
 k - a scroll of blinking {unknown}
 l - 3 scrolls of immolation
 n - 2 scrolls of teleportation {unknown}
 p - 5 scrolls of noise
Potions
 f - a potion of lignification {unknown}
 h - 2 potions of mutation
 i - a potion of brilliance {unknown}
 m - a potion of attraction {unknown}
 o - a potion of resistance {unknown}


   Skills:
 - Level 3.1 Fighting
 + Level 6.3 Axes
 - Level 1.7 Dodging
 - Level 7.4 Stealth


You had 5 spell levels left.
You didn't know any spells.
Your spell library was empty.

Dungeon Overview and Level Annotations

Branches:
Dungeon (6/15)            Ossuary (visited)
 Temple: D:4-7

Altars:

Annotations:
D:6 Dowan, Duvessa


Innate Abilities, Weirdness & Mutations

Your serpentine skin is tough. (AC +2)
You have supernaturally acute eyesight. (SInv)
Armour fits poorly on your strangely shaped body.
Your system is resistant to poisons. (rPois)
You cover ground very slowly.
You can spit poison.
You have a snake-like lower body.


Message History

You see here 6 stones.
You see here a howler monkey corpse.
Found a scroll of magic mapping.
You now have 62 gold pieces (gained 17).
As you read the scroll of fog, it crumbles to dust.
The scroll dissolves into smoke.
The centaur shoots an arrow.
The arrow hits you!
* * * LOW HITPOINT WARNING * * *
d - 2 scrolls of magic mapping (gained 1)
Okay, then.
Unknown command.
The centaur unwields a +0 shortbow.
The centaur hits you.
* * * LOW HITPOINT WARNING * * *
The centaur kicks you.
* * * LOW HITPOINT WARNING * * *
The centaur barely misses you.
The centaur kicks you but does no damage.
You slash the centaur!
The centaur is heavily wounded.
The centaur hits you.
* * * LOW HITPOINT WARNING * * *
The centaur kicks you.
* * * LOW HITPOINT WARNING * * *
You barely miss the centaur.
The centaur is heavily wounded.
The centaur hits you but does no damage.
The centaur kicks you.
* * * LOW HITPOINT WARNING * * *
The centaur hits you but does no damage.
The centaur kicks you but does no damage.
You hit the centaur.
The centaur is heavily wounded.
The centaur hits you but does no damage.
The centaur kicks you but does no damage.
You hit the centaur.
The centaur is severely wounded.
The centaur barely misses you.
The centaur kicks you but does no damage.
The centaur hits you.
You die...

########## #§§§§....#
#§@§§....# #§§c.....#
#........# #.§......#
#........# #§.......#
#........#
###.......†#########.
.....#'#####....(.†...


You could see a centaur.

Vanquished Creatures
  A scorpion (D:5)
  A howler monkey (D:5)
  4 centaur zombies (Ossuary)
  An iguana (D:5)
  4 mummies (Ossuary)
  A gnoll (D:5)
  An ufetubus (D:5)
  A gnoll zombie (Ossuary)
  2 hobgoblin zombies (Ossuary)
  An orc zombie (Ossuary)
17 creatures vanquished.

Vanquished Creatures (others)
  2 plants (D:5)
2 creatures vanquished.

Grand Total: 19 creatures vanquished

Notes
Turn   | Place    | Note
-------+----------+-------------------------------------------
     0 | D:5      | FexLirch the Naga Delver began the quest for the Orb.
     0 | D:5      | Reached XP level 1. HP: 21/21 MP: 1/1
     1 | D:6      | Noticed Duvessa
     1 | D:6      | Noticed Dowan
     1 | D:6      | Noticed a gnoll sergeant
     7 | D:5      | Reached XP level 2. HP: 17/28 MP: 2/2
    77 | D:5      | Noticed a scorpion
    95 | D:5      | Noticed a centaur
   140 | D:5      | Killed a scorpion
   141 | D:5      | Reached XP level 3. HP: 22/34 MP: 3/3
   141 | D:5      | Reached XP level 4. HP: 27/42 MP: 4/4
   207 | D:5      | Found a sand-covered staircase.
   213 | Ossuary  | Entered an ossuary
   394 | Ossuary  | Reached XP level 5. HP: 24/49 MP: 5/5
   492 | Ossuary  | Reached skill level 5 in Axes
   720 | Ossuary  | Reached XP level 6. HP: 36/56 MP: 6/6
   857 | D:5      | HP: 2/56 [centaur (2)]
   860 | D:5      | Slain by a centaur

Illustrated notes

Levels and vault maps discovered:
D:5:      layout_gridville, slow_altar_1, nicolae_ossuary_entry_plus,
          sigmund_edmund_badplayer
D:6:      layout_cave_pools, minmay_temple_entry_glass, minmay_manual_moon,
          uniq_duvessa

Skill      XL: |  1  2  3  4  5 |
---------------+----------------+-----
Axes           | 4 6 |  6.3
Fighting       | |  3.1
Dodging        | |  1.7
Stealth        | |  7.4

Action                     |  1- 3 |  4- 6 || total
---------------------------+-------+-------++-------
  Melee: Hand axe          |    12 |    97 ||   109
         Punch             |       |     2 ||     2
    Use: Potion            |     1 |     1 ||     2
         Scroll            |       |     2 ||     2
   Stab: Sleeping          |       |     1 ||     1
 Armour: Leather armour    |     2 |    34 ||    36
  Dodge: Dodged            |     4 |    58 ||    62

Table legend: (Time is in decaauts)
 A = Elapsed time spent in this place.
 B = Non-inter-level travel time spent in this place.
 C = Inter-level travel time spent in this place.
 D = Time resting spent in this place.
 E = Time spent auto-exploring this place.
 F = Levels seen in this place.
 G = Mean time per level.
                   A        B        C        D        E       F      G
               +--------+--------+--------+--------+--------+-----+--------+
         Total |    970 |    970 |      0 |    313 |    114 |   3 |  323.3 |
       Dungeon |    367 |    367 |      0 |      0 |    114 |   2 |  183.5 |
       Ossuary |    602 |    602 |      0 |    313 |      0 |   1 |  602.0 |
               +--------+--------+--------+--------+--------+-----+--------+

Top non-repeatable levels by time:
 Ossuary: 602 daAuts
     D:5: 366 daAuts
     D:6: 1 daAuts
